 Dungeon Crawl Stone Soup version 0.25-a0-785-gb22c70e859 (webtiles) character file.

Game seed: 17121828173710268883, levelgen mode: deterministic

1068 DildoBatman the Conjurer (level 8, -4/52 HPs)
             Began as a Formicid Wizard on Apr 17, 2020.
             Slain by an iguana (11 damage)
             ... on level 8 of the Dungeon.
             The game lasted 00:18:54 (6337 turns).

DildoBatman the Conjurer (Formicid Wizard)          Turns: 6337, Time: 00:18:54

Health: -4/52      AC:  4    Str: 12    XL:     8   Next: 53%
Magic:  4/12       EV: 12    Int: 20    God:
Gold:   172        SH:  0    Dex: 11    Spells: 6/13 levels left

rFire    . . .     SeeInvis +   a - +0 hunting sling
rCold    . . .     Gourm    .   (no shield)
rNeg     . . .     Faith    .   l - +0 robe
rPois    .         Spirit   .   (helmet unavailable)
rElec    .         Reflect  .   (no cloak)
rCorr    .         Harm     .   (no gloves)
MR       .....                  p - +1 pair of boots
Stlth    ++........             m - amulet of magic regeneration
HPRegen  0.17/turn              i - +2 ring of dexterity
MPRegen  0.38/turn              (no ring)

@: lethally poisoned (-4 -> -16)
A: permanent stasis, dig shafts and tunnels, four strong arms, antennae 3
a: Dig, Shaft Self


You were on level 8 of the Dungeon.
You were not hungry.

You visited 1 branch of the dungeon, and saw 7 of its levels.

You collected 172 gold pieces.

Inventory:

Hand Weapons
 a - a +0 hunting sling (weapon)
 b - a +1 dagger of holy wrath
Missiles
 e - 77 arrows
 o - 6 curare-tipped darts
 q - 19 bolts
 r - 77 stones (quivered)
 s - 25 poisoned darts
 t - 5 javelins
 u - 92 sling bullets
 D - 11 boomerangs
Armour
 l - a +0 robe (worn)
 p - a +1 pair of boots (worn)
Magical Staves
 y - an uncursed staff of cold
Jewellery
 i - a +2 ring of dexterity (left hand)
 m - an amulet of magic regeneration (around neck)
Wands
 w - a wand of disintegration (11)
Scrolls
 c - a scroll of fog
 k - 4 scrolls of enchant armour
 x - 5 scrolls of remove curse
 z - a scroll of identify
 A - a scroll of vulnerability
Potions
 d - a potion of might {unknown}
 g - a potion of flight {unknown}
 h - 2 potions of curing
 j - a potion of heal wounds {unknown}
 n - 3 potions of cancellation {unknown}
 C - 2 potions of lignification {unknown}
 E - 2 potions of brilliance {unknown}
Comestibles
 v - 8 rations


   Skills:
 - Level 1.7 Dodging
 - Level 2.4 Stealth
 - Level 3.2 Spellcasting
 - Level 6.1 Conjurations
   Level 1.0 Summonings
   Level 0.8 Translocations
 * Level 4.4 Fire Magic
 * Level 3.6 Air Magic


You had 6 spell levels left.
You knew the following spells:

 Your Spells              Type           Power        Failure   Level  Hunger
a - Conjure Flame         Conj/Fire      ###.....     4%          3    ###....
c - Magic Dart            Conj           ####         1%          1    None
e - Mephitic Cloud        Conj/Pois/Air  ###.....     11%         3    ###....

Your spell library contained the following spells:

 Spells                   Type           Power        Failure   Level  Hunger
 Corona                   Hex            #......      14%         1    None
 Call Imp                 Summ           #.......     14%         2    ##.....
 Inner Flame              Hex/Fire       ##......     17%         3    ###....
 Slow                     Hex            #.......     22%         2    ##.....
 Portal Projectile        Hex/Tloc       #.....       34%         3    ###....
 Cause Fear               Hex            #.........   80%         4    ####...
 Leda's Liquefaction      Hex/Erth       #.........   80%         4    ####...
 Blink                    Tloc           Unusable     N/A         2    N/A

Dungeon Overview and Level Annotations

Branches:
Dungeon (6/15)
 Temple: D:4-7

Altars:
Ashenzari
Dithmenos
Fedhas
Gozag
Okawaru
Qazlal
Ru
Trog
Uskayaw
The Shining One

Annotations:
D:1 exclusion: wight
D:2 1 runed translucent door, exclusions: 2 wights and 2 more exclusions, Crazy Yiuf
D:3 exclusion: phantom
D:4 1 exclusion
D:6 Dowan, Duvessa, Eustachio, Prince Ribbit, Sigmund


Innate Abilities, Weirdness & Mutations

You cannot be hasted, slowed, berserked, paralysed or teleported.
You can dig through walls and to a lower floor.
Your four strong arms can wield two-handed weapons with a shield.
You have a pair of large antennae on your head. (SInv)


Message History

Aiming: Magic Dart (safe; 1% risk of failure)
Press: ? - help, Shift-Dir - straight line, f/p - iguana
Aim: an iguana (moderately wounded)
The magic dart hits the iguana.
The iguana is severely wounded.
The iguana bites you.
The water moccasin is engulfed in blazing flames.
The water moccasin bites you.
You are lethally poisoned!
The water moccasin poisons you!
Casting: Magic Dart (safe; 1% risk of failure)
Confirm with . or Enter, or press ? or * to list all spells.
Aiming: Magic Dart (safe; 1% risk of failure)
Press: ? - help, Shift-Dir - straight line, f/p - iguana
Aim: an iguana (severely wounded)
The magic dart hits the iguana.
The iguana is almost dead.
You feel sick. The iguana bites you!
You die...

#####
#....
##.... {
#...##
#....###
#@l....#
##S##.#.#
##..#
#...# {
........#
{
#####...#
.....#
###..##
...


You could see a water moccasin and an iguana.

Vanquished Creatures
  A water moccasin (D:5)
  3 ice beasts (D:5)
  2 orc warriors
  A sky beast (D:5)
  A crimson imp (D:5)
  An orc wizard (D:6)
  3 orc priests
  2 worker ants
  A hound zombie (D:5)
  8 adders
  3 oozes
  2 worms
  A dart slug (D:4)
  5 leopard geckos
  7 orcs
  5 ball pythons
  8 bats
  8 giant cockroaches
  8 goblins
  9 hobgoblins
  4 jackals (D:5)
  4 frilled lizards
  7 kobolds
  A leopard gecko skeleton (D:5)
  A quokka skeleton (D:4)
  8 rats
104 creatures vanquished.

Notes
Turn   | Place    | Note
-------+----------+-------------------------------------------
     0 | D:1      | DildoBatman the Formicid Wizard began the quest for the
                  | Orb.
     0 | D:1      | Reached XP level 1. HP: 13/13 MP: 4/4
     7 | D:1      | Reached skill level 1 in Conjurations
   158 | D:1      | Reached XP level 2. HP: 19/19 MP: 1/6
   227 | D:1      | Reached skill level 2 in Conjurations
   333 | D:1      | Reached XP level 3. HP: 18/24 MP: 0/7
   419 | D:1      | Learned a level 3 spell: Conjure Flame
   423 | D:1      | Learned a level 3 spell: Mephitic Cloud
   850 | D:1      | Reached skill level 3 in Conjurations
  1276 | D:2      | Found a shattered altar of Ashenzari.
  1387 | D:2      | Noticed a wight
  1812 | D:2      | Reached XP level 4. HP: 24/30 MP: 0/8
  2228 | D:3      | Found an opulent altar of Gozag.
  2822 | D:2      | Reached skill level 4 in Conjurations
  2822 | D:2      | Reached XP level 5. HP: 35/35 MP: 5/9
  2969 | D:4      | Noticed a phantom
  3374 | D:4      | Found a hide-covered altar of Uskayaw.
  3394 | D:4      | Found a bloodstained altar of Trog.
  3415 | D:4      | Found a sacrificial altar of Ru.
  3517 | D:4      | Found a glowing golden altar of the Shining One.
  3601 | D:5      | Entered Level 5 of the Dungeon
  3624 | D:5      | Noticed a water moccasin
  3683 | D:5      | Noticed an ice beast
  3806 | D:5      | Found a stormy altar of Qazlal.
  3811 | D:5      | Reached XP level 6. HP: 41/41 MP: 6/10
  3835 | D:5      | Reached skill level 5 in Conjurations
  3844 | D:5      | Found a blossoming altar of Fedhas.
  3927 | D:5      | Noticed an orc warrior
  3939 | D:5      | Noticed an ice beast
  3940 | D:5      | Noticed a sky beast
  3941 | D:5      | HP: 1/41 [orc warrior/+0 war axe (14)]
  3942 | D:5      | Killed an orc warrior
  3942 | D:5      | Reached skill level 1 in Fire Magic
  4267 | D:5      | Killed an ice beast
  4267 | D:5      | Reached skill level 1 in Air Magic
  4267 | D:5      | Reached XP level 7. HP: 32/46 MP: 3/11
  4328 | D:5      | Found an iron altar of Okawaru.
  4434 | D:5      | Killed a water moccasin
  4434 | D:5      | Reached skill level 6 in Conjurations
  4440 | D:5      | Found a shadowy altar of Dithmenos.
  4656 | D:5      | Reached XP level 8. HP: 37/52 MP: 12/12
  4886 | D:6      | Noticed Sigmund
  5034 | D:6      | Noticed Prince Ribbit
  5179 | D:6      | Noticed Duvessa
  5186 | D:6      | Noticed Dowan
  5589 | D:2      | Found a runed translucent door.
  5590 | D:2      | Noticed Crazy Yiuf
  5963 | D:6      | Noticed Eustachio
  6328 | D:5      | You fall into a shaft and drop 3 floors!
  6337 | D:8      | Slain by an iguana

Levels and vault maps discovered:
D:1:      dpeg_arrival_pond, layout_basic, serial_rivers,
          chequers_serial_rivers_large_a, chequers_serial_rivers_small_b,
          chequers_serial_rivers_micro_c, chequers_serial_rivers_large_b,
          minmay_hexomino_c4
D:2:      layout_loops_corners, lemuel_doored_altar, minmay_rat_gold_closets,
          uniq_crazy_yiuf_cottage
D:3:      layout_loops_ring, grunt_gozag_statues, roderic_roman_lattice,
          kennysheep_cross_room, minmay_circle_x
D:4:      layout_gridville, lemuel_crystal_altar, nicolae_tso_carved_into_rock,
          lightli_temple_of_fire, nicolae_ru_awakened_eye
D:5:      layout_rooms, grunt_temple_overflow_forces_of_nature,
          old_standard_altar, first_ration, kennysheep_okawaru_gauntlet
D:6:      minmay_clustersquares, layout_cave_pods, uniq_prince_ribbit1,
          uniq_sigmund, uniq_duvessa, uniq_eustachio
D:8:      layout_basic, erik_lair_orcish_takeover, the_bakery,
          chequers_serial_rivers_micro_c, uniq_maggie, uniq_grum

Skill      XL: |  1  2  3  4  5  6  7  8 |
---------------+-------------------------+-----
Conjurations   | 1 2 3 4 5 6 |  6.1
Fire Magic     | 1 3 4 |  4.4
Air Magic      | 1 2 3 |  3.6
Dodging        | |  1.7
Stealth        | |  2.4
Spellcasting   | |  3.2
Summonings     | |  1.0
Translocations | |  0.8

Action                   |  1- 3 |  4- 6 |  7- 9 || total
-------------------------+-------+-------+-------++-------
Melee: Club              |    24 |       |       ||    24
       Short sword       |    35 |    10 |       ||    45
       Spear             |    17 |    10 |       ||    27
       Dagger            |       |       |     2 ||     2
 Fire: Hunting sling     |       |    35 |   130 ||   165
Throw: Stone             |     4 |       |       ||     4
 Cast: Magic Dart        |    65 |    84 |    30 ||   179
       Conjure Flame     |     4 |     7 |    16 ||    27
       Mephitic Cloud    |       |     3 |    13 ||    16
 Abil: Dig               |     5 |     1 |     1 ||     7
       Shaft Self        |       |       |     1 ||     1
  Use: Scroll            |       |     4 |     3 ||     7
 Stab: Sleeping          |     1 |     1 |       ||     2
  Eat: Chunk             |     4 |     9 |     3 ||    16
       Ration            |       |       |     2 ||     2
Armor: Robe              |    12 |    14 |     7 ||    33
Dodge: Dodged            |    42 |    37 |    14 ||    93

Table legend:
 A = Non-vault XP
 B = Vault XP
 C = Vault XP percentage of total XP
 D = Non-vault monster count
 E = Vault monster count
 F = Vault count percentage of total count
                 A         B        C        D         E       F
            +---------+---------+-------+---------+---------+-------
      Total |    1503 |      24 |   1.6 |      93 |      11 |  10.6
            +---------+---------+-------+---------+---------+-------
        D:1 |      51 |       5 |   8.9 |      25 |       3 |  10.7
        D:2 |      65 |       0 |   0.0 |      21 |       0 |   0.0
        D:3 |      41 |      15 |  26.8 |      12 |       6 |  33.3
        D:4 |      48 |       0 |   0.0 |       5 |       0 |   0.0
        D:5 |    1044 |       4 |   0.4 |      21 |       2 |   8.7
        D:6 |     254 |       0 |   0.0 |       9 |       0 |   0.0
            +---------+---------+-------+---------+---------+-------
